 Dungeon Crawl Stone Soup version 0.27.1 (webtiles) character file.

Game seed: 17579165199333389702

71 Araneus the Shield-Bearer (level 4, 0/35 HPs)
             Began as a Demonspawn Fighter on Aug 25, 2021.
             Slain by an orc (3 damage)
             ... on level 3 of the Dungeon.
             The game lasted 00:03:48 (2470 turns).

Araneus the Shield-Bearer (Demonspawn Fighter)      Turns: 2470, Time: 00:03:48

Health: 0/35       AC:  6    Str: 17    XL:     4   Next: 5%
Magic:  4/4        EV:  7    Int: 10    God:
Gold:   75         SH:  9    Dex: 12    Spells: 3/3 levels left

rFire    . . .     SeeInvis .   a - +0 flail
rCold    . . .     Faith    .   c - +0 kite shield
rNeg     . . .     Spirit   .   b - +0 scale mail
rPois    .         Reflect  .   (helmet restricted)
rElec    .         Harm     .   (no cloak)
rCorr    .         Rampage  .   (no gloves)
Will     .....                  (no boots)
Stlth    ..........             (no amulet)
HPRegen  0.11/turn              (no ring)
MPRegen  0.09/turn              (no ring)

@: no status effects
A: horns 1
a: no special abilities


You were on level 3 of the Dungeon.
You visited 1 branch of the dungeon, and saw 3 of its levels.

You collected 75 gold pieces.

Inventory:

Hand Weapons
 a - a +0 flail (weapon)
Armour
 b - a +0 scale mail (worn)
 c - a +0 kite shield (worn)
Scrolls
 e - a scroll of amnesia {unknown}
 g - a scroll of blinking {unknown}
 h - a scroll of magic mapping {unknown}
 j - a scroll of teleportation {unknown}
 l - a scroll of identify {unknown}
 n - a scroll of fear {unknown}
Potions
 d - a potion of might
 f - a potion of lignification {unknown}
 i - a potion of resistance {unknown}
 k - a potion of flight {unknown}
 m - a potion of attraction {unknown}
 o - a potion of berserk rage {unknown}


   Skills:
 - Level 3.0 Fighting
 * Level 3.3 Maces & Flails
 - Level 2.6 Armour
 + Level 3.4 Shields


You had 3 spell levels left.
You didn't know any spells.
Your spell library was empty.

Dungeon Overview and Level Annotations

Branches:
Dungeon (3/15)

Altars:
Okawaru
Yredelemnul


Innate Abilities, Weirdness & Mutations

You have a pair of small horns on your head.


Message History

The orc wizard mumbles some strange words.
The orc wizard flickers and vanishes!
You closely miss something.
The orc priest invokes the aid of Beogh against you.
Something writhes in agony.
Something hits you.
You closely miss something. Something hits you but does no damage.
The orc priest invokes the aid of Beogh against you.
Beogh smites you!
You hear some strange, mumbled words.
A puff of flame appears from out of thin air!
The puff of flame hits something.
Your scale mail prevents you from hitting something.
You hear some strange, mumbled words.
A puff of flame appears from out of thin air!
The puff of flame hits you.
* * * LOW HITPOINT WARNING * * *
Something hits you.
* * * LOW HITPOINT WARNING * * *
A rat comes into view.
You barely miss the rat. Your headbutt misses the rat.
The rat bites you but does no damage. You block something's attack.
You hit the rat.
You kill the rat!
You hear some strange, mumbled words.
A magic dart appears from out of thin air!
The magic dart hits you!
* * * LOW HITPOINT WARNING * * *
You block something's attack.
You hear some strange, mumbled words.
Something tries to affect you, but you resist.
The orc hits you but does no damage.
Things that are here:
a +0 dagger; a +0 ring mail; an orc corpse You closely miss the orc.
You headbutt the orc.
The orc is moderately wounded.
You block the orc's attack. The orc hits you but does no damage.
You closely miss the orc.
The orc is moderately wounded.
The orc hits you with a +0 club.
You die...

#.#.# #########
#.#.# #.......#
##.#.# .......#
#.##....#####.#
.......#
#.............#
#._8_..###
###....<#######
#.........
....###.#
####........#
###.###.###
#..........#
#.....>#
#@###.#.###.
##.###.# ###o###.#
#> #.## #...o..{#
#.###..###.#.#####
#..........#.#
######.#####.# #.#
#.. #.# #.. #.#
##.#


You could see an orc priest and an orc.

Vanquished Creatures
  3 adders (D:2)
  2 worms (D:2)
  A dart slug (D:1)
  An orc (D:3)
  3 ball pythons (D:1)
  4 bats
  2 endoplasms (D:1)
  3 giant cockroaches
  3 goblins
  3 hobgoblins
  3 quokkas
  2 kobolds
  4 rats
34 creatures vanquished.

Notes
Turn   | Place    | Note
-------+----------+-------------------------------------------
     0 | D:1      | Araneus the Demonspawn Fighter began the quest for the Orb.
     0 | D:1      | Reached XP level 1. HP: 18/18 MP: 1/1
   223 | D:1      | Gained mutation: You have a pair of small horns on your
                  | head. [demonic ancestry]
   223 | D:1      | Reached XP level 2. HP: 24/24 MP: 2/2
   500 | D:1      | Found a faded altar of an unknown god.
  1294 | D:2      | Reached XP level 3. HP: 29/29 MP: 3/3
  2106 | D:2      | Reached XP level 4. HP: 35/35 MP: 4/4
  2440 | D:3      | Found an iron altar of Okawaru.
  2442 | D:3      | Found a basalt altar of Yredelemnul.
  2470 | D:3      | Slain by an orc

Illustrated notes

Levels and vault maps discovered:
D:1:      dpeg_arrival_arbitrary_a, layout_loops_ring,
          chequers_ecumenical_altar_island
D:2:      layout_basic, serial_curves, eino_curves_03, eino_curves_04,
          chequers_serial_rivers_large_a
D:3:      layout_loops_ring, chequers_temple_overflow_statue_of_worship,
          chequers_serial_rivers_small_b, minmay_misc_feat_nine_boxes,
          roderic_batcave, chequers_garden, uniq_sigmund, uniq_jessica

Skill      XL: |  1  2  3 |
---------------+----------+-----
Maces & Flails | 2 3 |  3.3
Shields        | 3 |  3.4
Fighting       | |  3.0
Armour         | |  2.6

Action                   |  1- 3 |  4- 6 || total
-------------------------+-------+-------++-------
Melee: Flail             |    92 |    13 ||   105
       Headbutt          |    11 |     1 ||    12
Armor: Scale mail        |    43 |     5 ||    48
Dodge: Dodged            |    25 |     3 ||    28
Block: Kite shield       |    57 |     5 ||    62
